 Dungeon Crawl Stone Soup version 0.27.1-34-g3ba077fa99 (webtiles) character file.

Game seed: 3383405363491026696

7940 chmiii the Basher (level 11, 0/113 HPs)
             Began as a Troll Hunter on Jan 30, 2022.
             Was a High Priest of Dithmenos.
             Slain by a gnoll sergeant (4 damage)
             ... on level 5 of the Dungeon.
             The game lasted 01:00:37 (8796 turns).

chmiii the Basher (Troll Hunter)                    Turns: 8796, Time: 01:00:38

Health: 0/113      AC: 10    Str: 22    XL:     11   Next: 3%
Magic:  10/10      EV: 13    Int:  7    God:    Dithmenos [*****.]
Gold:   658        SH:  0    Dex: 13    Spells: 10/10 levels left

rFire    . . .     SeeInvis .   a - +4 flail
rCold    . . .     Faith    .   (no shield)
rNeg     . . .     Spirit   .   c - +1 swamp dragon scales
rPois    +         Reflect  .   (helmet restricted)
rElec    .         Harm     .   (no cloak)
rCorr    .         Rampage  .   (gloves unavailable)
Will     .....                  (boots unavailable)
Stlth    +.........             (no amulet)
HPRegen  1.28/turn              D - ring of poison resistance
MPRegen  0.12/turn              u - +4 ring of evasion

@: wreathed by umbra
A: large, unfitting armour, claws 3, regeneration 1, shaggy fur 1, tough skin 1
a: Renounce Religion, Shadow Step, Shadow Form


You were on level 5 of the Dungeon.
You worshipped Dithmenos.
Dithmenos was extremely pleased with you.
You visited 1 branch of the dungeon, and saw 9 of its levels.
You also visited: Ossuary.

You collected 658 gold pieces.

Inventory:

Hand Weapons
 a - a +4 flail (weapon)
 b - a +3 whip
 B - the +4 dagger "Morg" {pain, Will+ Int+5}
   (You found it on level 5 of the Dungeon)

   In the hands of one skilled in necromantic magic, it inflicts extra damage on
   living creatures.
   Int:       It affects your intelligence (+5).
   Will:      It increases your willpower.
Missiles
 d - 5 throwing nets
 E - 2 large rocks (quivered)
 K - 19 sling bullets
 M - 2 boomerangs
Armour
 c - +1 swamp dragon scales (worn)
 y - a +2 robe of willpower
Jewellery
 g - a ring of ice
 j - a ring of flight
 m - an amulet of magic regeneration
 q - an amulet of faith
 u - a +4 ring of evasion (right claw)
 D - a ring of poison resistance (left claw)
Wands
 r - a wand of mindburst (22)
 A - a wand of polymorph (7)
 C - a wand of iceblast (16)
 J - a wand of flame (18)
Scrolls
 e - 3 scrolls of fog
 k - a scroll of blinking
 n - 5 scrolls of teleportation
 p - a scroll of immolation
 s - a scroll of enchant weapon {unknown}
 t - 3 scrolls of enchant armour
 I - a scroll of acquirement {unknown}
 N - a scroll of identify
Potions
 f - 3 potions of resistance
 h - 3 potions of might {unknown}
 i - a potion of mutation {unknown}
 l - 5 potions of ambrosia
 o - 3 potions of lignification
 v - 3 potions of attraction {unknown}
 w - 2 potions of heal wounds {unknown}
 x - 3 potions of haste
 z - a potion of flight
 F - 2 potions of cancellation {unknown}
 G - 2 potions of brilliance
 H - a potion of berserk rage
 L - a potion of curing


   Skills:
 + Level 8.5 Fighting
 * Level 12.4 Maces & Flails
 - Level 3.6 Throwing
 - Level 1.5 Dodging
 - Level 0.3 Stealth


You had 10 spell levels left.
You didn't know any spells.
Your spell library contained the following spells:

 Spells                   Type           Power      Damage    Failure   Level
 Animate Skeleton         Necr           0%         N/A       58%         1
 Apportation              Tloc           0%         N/A       58%         1
 Corona                   Hex            0%         N/A       58%         1
 Foxfire                  Conj/Fire      0%         2x1d4     58%         1
 Summon Small Mammal      Summ           0%         N/A       58%         1
 Slow                     Hex            0%         N/A       75%         2
 Confusing Touch          Hex            0%         N/A       92%         3
 Conjure Flame            Conj/Fire      0%         6-21      92%         3
 Ignite Poison            Fire/Tmut/Pois 0%         N/A       92%         3
 Inner Flame              Hex/Fire       0%         N/A       92%         3
 Vampiric Draining        Necr           0%         2d6       92%         3
 Sticky Flame             Conj/Fire      0%         2d3       100%        4


Dungeon Overview and Level Annotations

Branches:
Dungeon (9/15)             Temple (0/1) D:5         Ossuary (visited)
   Lair: D:8-11         Orc: D:9-12

Altars:
Ashenzari
Cheibriados
Dithmenos
Elyvilon
Gozag
Hepliaklqana
Makhleb
Okawaru
Qazlal
Sif Muna
Trog
Uskayaw
Yredelemnul

Shops:
D:1 (

Annotations:
D:1 exclusion: downstairs
D:4 exclusion: downstairs
D:7 exclusion: 2 downstairs
D:8 Harold


Innate Abilities, Weirdness & Mutations

You are too large for most types of armour.
You have claws for hands.
Your natural rate of healing is unusually fast.
You are covered in fur. (AC +1)
You have tough skin. (AC +1)


Message History

You are no longer poisoned.
The gnoll sergeant hits you from afar with a +1 trident of pain!
* * * LOW HITPOINT WARNING * * *
The gnoll closely misses you. The gnoll barely misses you.
The gnoll hits you from afar with a +2 halberd of venom.
* * * LOW HITPOINT WARNING * * *
The gnoll shaman misses you. The gnoll sergeant barely misses you.
The gnoll closely misses you.
The gnoll sergeant hits you from afar with a +1 trident of pain!
* * * LOW HITPOINT WARNING * * *
You writhe in agony.
* * * LOW HITPOINT WARNING * * *
The gnoll sergeant shouts!
The gnoll shouts!
The gnoll sergeant hits you with a +0 spear.
* * * LOW HITPOINT WARNING * * *
You sock the gnoll sergeant!
The gnoll sergeant is heavily wounded.
The gnoll sergeant closely misses you.
The gnoll sergeant hits you with a +0 spear.
* * * LOW HITPOINT WARNING * * *
The gnoll sergeant completely misses you.
You sock the gnoll sergeant!
You kill the gnoll sergeant!
Dithmenos accepts your kill. The gnoll sergeant misses you.
Your life force feels restored.
The gnoll barely misses you.
Things that are here:
a +0 spear; a +0 scale mail You sock the gnoll!
The gnoll is heavily wounded.
The gnoll hits you with a +0 spear.
* * * LOW HITPOINT WARNING * * *
You thump the gnoll!
You kill the gnoll!
Dithmenos accepts your kill.
The gnoll sergeant hits you from afar with a +1 trident of pain.
You die...

#.≈≈..#.#...#.#..≈≈.##.#
#.≈≈.##.'...'.##.≈≈.##.#
#.≈≈.#..#...#..#.≈≈.##.#
#.≈≈.##.##.##.##.≈≈.##.#
##.....#g#...#.#..≈≈.##.#
#.....©#gg.©.'.#©.≈≈.....
#...(..#g#8⌠8#.#..≈≈..###
#..≈≈.##.#####.##.≈≈.##
#..≈≈.#©@#.:.#..#.≈≈.#
#..≈≈.##)#...#.##.≈≈.#
#..≈≈..#.#...#.#..≈≈.#
#..≈≈###.##'##.###≈≈.#
#..≈≈#.$.........#≈≈.#
#..≈≈#8.###.###.8#≈≈.#
#..≈≈#..#8###8#..#≈≈.#
#..≈≈####.....####≈≈.##
#..≈≈≈≈≈≈≈≈≈≈≈≈≈≈≈≈≈..###


You could see a gnoll sergeant (fast), a gnoll shaman and 2 gnolls.

Vanquished Creatures
  A two-headed ogre (D:8)
  Pikel (D:9)
  Joseph (D:8)
  Maggie (D:6)
  A troll (D:9)
  Grinder (D:6)
  A vampire (D:7)
  Sigmund (D:2)
  2 wyverns
  6 yaks
  An acid dragon (D:9)
  Duvessa (D:5)
  3 water moccasins
  5 orc warriors
  2 ice beasts (D:6)
  4 sky beasts (D:6)
  2 black bears
  2 ogres
  A centaur (D:6)
  2 phantoms
  A kobold brigand (D:8)
  4 bullfrogs
  Blork the orc (D:4)
  2 gnoll sergeants
  Dowan (D:5)
  2 scorpions
  A wyvern zombie (D:7)
  4 killer bees (D:9)
  9 wights
  A howler monkey (D:7)
  A gnoll shaman (D:6)
  A hound (D:4)
  A jelly (D:4)
  3 orc priests
  Jessica (D:2)
  4 orc wizards
  Ijyb (D:5)
  3 iguanas
  3 killer bee zombies
  Robin (D:4)
  12 mummies
  5 adders
  26 gnolls
  A shadow imp (D:6)
  An ufetubus (D:4)
  3 worms
  The ghost of cbfl8 the Sneak, a weakling MiDe (D:5)
  6 dart slugs
  18 orcs
  9 bats
  7 endoplasms
  3 giant cockroaches
  11 goblins
  11 hobgoblins
  9 kobolds
  3 quokkas
  8 ball pythons
  2 goblin skeletons (Ossuary)
  2 kobold skeletons (Ossuary)
  4 orc skeletons (Ossuary)
  5 rats
  11 rat skeletons (Ossuary)
242 creatures vanquished.

Vanquished Creatures (others)
  6 plants (D:5)
6 creatures vanquished.

Grand Total: 248 creatures vanquished

Notes
Turn   | Place    | Note
-------+----------+-------------------------------------------
     0 | D:1      | chmiii the Troll Hunter began the quest for the Orb.
     0 | D:1      | Reached XP level 1. HP: 19/19 MP: 0/0
    12 | D:1      | Found Umawken's Antique Weapon Shoppe.
    70 | D:1      | Reached skill level 1 in Maces & Flails
    72 | D:1      | Reached XP level 2. HP: 28/28 MP: 1/1
   353 | D:1      | Reached XP level 3. HP: 27/35 MP: 2/2
   366 | D:1      | Reached skill level 2 in Maces & Flails
   573 | D:2      | Noticed Sigmund
   618 | D:2      | Found a faded altar of an unknown god.
   796 | D:2      | Noticed Jessica
   814 | D:2      | Killed Jessica
   815 | D:2      | Reached XP level 4. HP: 43/44 MP: 3/3
   931 | D:2      | Killed Sigmund
   932 | D:2      | Reached skill level 4 in Maces & Flails
   932 | D:2      | Reached XP level 5. HP: 53/53 MP: 4/4
  1491 | D:3      | Found an iron altar of Okawaru.
  1611 | D:3      | Found a shadowy altar of Dithmenos.
  1611 | D:3      | Found a shimmering blue altar of Sif Muna.
  1620 | D:3      | Became a worshipper of Dithmenos the Shadowed
  1883 | D:4      | Reached XP level 6. HP: 61/61 MP: 5/5
  2009 | D:4      | Found an opulent altar of Gozag.
  2477 | D:4      | Noticed Robin
  2489 | D:4      | Reached * piety under Dithmenos
  2525 | D:4      | Killed Robin
  2685 | D:4      | Reached skill level 5 in Maces & Flails
  2850 | D:4      | Noticed Blork the orc
  2856 | D:4      | Killed Blork the orc
  2857 | D:4      | Reached XP level 7. HP: 68/68 MP: 6/6
  3117 | D:5      | Entered Level 5 of the Dungeon
  3147 | D:5      | Noticed Duvessa
  3149 | D:5      | Noticed Dowan
  3305 | D:5      | Identified the +1 ring mail of Niacvupi {+Inv Str+2}
  3346 | D:5      | Reached skill level 6 in Maces & Flails
  3367 | D:5      | Killed Duvessa
  3529 | D:5      | Killed Dowan
  3592 | D:5      | Found a transporter.
  3598 | D:5      | Found a transporter.
  3649 | D:5      | Noticed Ijyb
  3650 | D:5      | Killed Ijyb
  3660 | D:5      | Found the +4 dagger "Morg" {pain, Will+ Int+5}
  3673 | D:5      | Reached XP level 8. HP: 74/77 MP: 7/7
  3690 | D:5      | Found a staircase to the Ecumenical Temple.
  4153 | D:6      | Reached skill level 7 in Maces & Flails
  4268 | D:6      | Reached skill level 5 in Fighting
  4268 | D:6      | Noticed Grinder
  4278 | D:6      | Killed Grinder
  4286 | D:6      | Found a hazy altar of Hepliaklqana.
  4362 | D:6      | Reached skill level 8 in Maces & Flails
  4379 | D:6      | Reached ** piety under Dithmenos
  4429 | D:6      | Noticed Maggie
  4458 | D:6      | Killed Maggie
  4459 | D:6      | Reached XP level 9. HP: 58/89 MP: 8/8
  4559 | D:6      | Reached skill level 9 in Maces & Flails
  5442 | D:7      | Reached skill level 10 in Maces & Flails
  5602 | D:7      | Found a sand-covered staircase.
  5608 | Ossuary  | Entered an ossuary
  5624 | Ossuary  | Reached *** piety under Dithmenos
  6380 | D:8      | Found a burning altar of Makhleb.
  6404 | D:8      | Reached XP level 10. HP: 52/102 MP: 9/9
  6504 | D:8      | Noticed Harold
  6513 | D:8      | Noticed a two-headed ogre
  6731 | D:8      | Reached skill level 11 in Maces & Flails
  6771 | D:8      | Reached **** piety under Dithmenos
  6782 | D:8      | Found a bloodstained altar of Trog.
  6815 | D:8      | Killed a two-headed ogre
  6997 | D:8      | Noticed Joseph
  7039 | D:8      | Killed Joseph
  7454 | D:8      | Found a snail-covered altar of Cheibriados.
  7562 | D:9      | Found a hide-covered altar of Uskayaw.
  7566 | D:9      | Noticed Pikel
  7599 | D:9      | Killed Pikel
  7657 | D:9      | Reached skill level 12 in Maces & Flails
  7789 | D:9      | Found a white marble altar of Elyvilon.
  8014 | D:9      | Found a stormy altar of Qazlal.
  8047 | D:9      | Reached ***** piety under Dithmenos
  8098 | D:9      | Found a broken altar of Ashenzari.
  8141 | D:9      | Reached XP level 11. HP: 107/111 MP: 10/10
  8370 | D:9      | Found a basalt altar of Yredelemnul.
  8581 | D:5      | Noticed cbfl8's ghost (weakling MiDe)
  8608 | D:5      | HP: 5/112 [gnoll sergeant (5)]
  8776 | D:5      | Killed cbfl8's ghost
  8787 | D:5      | HP: 4/112 [gnoll sergeant (8)]
  8792 | D:5      | HP: 2/112 [gnoll sergeant (4)]
  8796 | D:5      | Slain by a gnoll sergeant

Illustrated notes

Levels and vault maps discovered:
D:1:      nicolae_arrival_memento_mori, layout_rooms, serial_shops,
          nicolae_shop_stone, minmay_heptomino_o4
D:2:      layout_rooms, ebering_ecumenical_altar_mist, serial_bayou_pond_e,
          uniq_jessica, uniq_sigmund
D:3:      layout_basic, lemuel_tele_altar, gammafunk_temple_overflow_pools,
          serial_rivers, chequers_serial_rivers_room_b,
          chequers_serial_rivers_room_b, chequers_serial_rivers_room_a,
          chequers_serial_rivers_micro_c, chequers_serial_rivers_small_3,
          grunt_ministairs_3
D:4:      layout_gridville, nicolae_gozag_seed_capital, uniq_blork_the_orc,
          uniq_robin
D:5:      layout_loops_ring, minmay_temple_entry_grid,
          gammafunk_ghost_gnarly_gnolls, hangedman_abyss_or_decor_passed,
          uniq_ijyb, uniq_duvessa
D:6:      layout_loops_cross, mainiacjoe_overflow_cross_hatched,
          lemuel_old_faithful, uniq_maggie, uniq_grinder
D:7:      layout_basic, gup_ossuary_entry_pyramid, minmay_joined_circles
D:8:      layout_layer_cave, bloody_trog, mainiacjoe_overflow_tiny_flanked,
          mainiacjoe_overflow_catwalk, serial_shops,
          nicolae_shop_competitors_out_of_business, st_stairs_5, uniq_harold,
          uniq_joseph
D:9:      layout_long_grid, lemuel_doored_altar, mainiacjoe_overflow_24_doors,
          mainiacjoe_overflow_small_starburst, kennysheep_ying_yang, uniq_pikel

Skill      XL: |  1  2  3  4  5  6  7  8  9 10 |
---------------+-------------------------------+-----
Maces & Flails | 1 2 4 5 6 8 10 12 | 12.4
Fighting       | 2 3 4 5 7 8 |  8.5
Throwing       | |  3.6
Dodging        | |  1.5
Stealth        | |  0.3

Action                   |  1- 3 |  4- 6 |  7- 9 | 10-12 || total
-------------------------+-------+-------+-------+-------++-------
Melee: Short sword       |    20 |       |       |       ||    20
       Unarmed           |   104 |   181 |    17 |       ||   302
       Whip              |       |       |   109 |       ||   109
       Flail             |       |       |   316 |   233 ||   549
Throw: Large rock        |       |     8 |    18 |     2 ||    28
       Throwing net      |       |       |     1 |       ||     1
Evoke: Wand              |       |       |       |     8 ||     8
  Use: Scroll            |       |       |    16 |     1 ||    17
       Potion            |       |       |     1 |     1 ||     2
 Stab: Sleeping          |     4 |     2 |     3 |       ||     9
       Held in net/web   |       |       |     2 |       ||     2
Armor: Robe              |    71 |    42 |    34 |       ||   147
       Swamp dragon scal |       |       |    98 |    82 ||   180
Dodge: Dodged            |    74 |   162 |   293 |   221 ||   750
